| TOP OF THE 1ST |
|
Cincinnati Reds batting - Pitching for Pittsburgh Pirates : RHP Jeremy Parsnip
|
|
Pitching: RHP Jeremy Parsnip
|
|
|
Batting: LHB Satoru Handa
|
0-0: Called Strike 0-1: Swinging Strike 0-2: Ball 1-2: Ground out 5-3 (Groundball, 56S, EV 79.4 MPH)
|
|
Batting: LHB Sean Geisler
|
0-0: Ball 1-0: Ball 2-0: Foul Ball, location: 2F 2-1: Foul Ball, location: 2F 2-2: Ball 3-2: Foul Ball, location: 2F 3-2: Base on Balls
|
|
Batting: LHB Jake Bill
|
0-0: Foul Ball, location: 2F 0-1: Foul Ball, location: 2F 0-2: Ball 1-2: Foul Ball, location: 2F 1-2: DOUBLE (Flyball, 8LXD, EV 102.5 MPH) Sean Geisler to third Runner from 3rd tries for Home, SAFE, no throw by CF
|
|
Batting: LHB Jesus Lozano
|
0-0: Ball 1-0: Ball 2-0: Ball 3-0: Base on Balls
|
|
Batting: LHB Jon Ledesma
|
0-0: Fielders Choice at 2nd, 3-6 (Groundball, 3, EV 83.8 MPH) Jake Bill to third
|
|
Batting: LHB Shawn Morrison
|
0-0: Called Strike 0-1: Called Strike 0-2: Ball 1-2: Ball 2-2: Ground out U3 (Groundball, 34S, EV 68.1 MPH)
|
| Top of the 1st over - 1 run, 1 hit, 0 errors, 2 left on base; Cincinnati 1 - Pittsburgh 0 |
| BOTTOM OF THE 1ST |
|
Pittsburgh Pirates batting - Pitching for Cincinnati Reds : LHP Jeff Baker
|
|
Pitching: LHP Jeff Baker
|
|
|
Batting: SHB Mike Jorgenson
|
0-0: Called Strike 0-1: Foul Ball, location: 2F 0-2: Ground out 1-3 (Groundball, 13S, EV 74.4 MPH)
|
|
Batting: RHB Raul Mendoza
|
0-0: Foul Ball, location: 2F 0-1: Called Strike 0-2: SINGLE (Groundball, 25, EV 72.5 MPH) (infield hit)
|
|
Batting: RHB Andrew Robinson
|
0-0: Ball 1-0: Ball 2-0: Ball 3-0: Base on Balls Raul Mendoza to second
|
|
Batting: RHB Mike Cochran
|
0-0: SINGLE (Line Drive, 9S, EV 101.9 MPH) Raul Mendoza to third Andrew Robinson to second
|
|
Batting: LHB Pat Sutton
|
0-0: SINGLE (Flyball, 89S, EV 88.8 MPH) Raul Mendoza scores Andrew Robinson to third Mike Cochran to second
|
|
Batting: RHB Kirk Seiffert
|
0-0: Called Strike 0-1: Fielders Choice at 2nd, 3-6 (Groundball, 34, EV 85.6 MPH) Andrew Robinson scores Mike Cochran to third
|
|
Batting: RHB Toshimi Shishido
|
0-0: Ball 1-0: Ball 2-0: Ball 3-0: Base on Balls Kirk Seiffert to second
|
|
Batting: RHB David Contreras
|
0-0: Called Strike 0-1: Ball 1-1: Ground out 5-3 (Groundball, 5D, EV 107.5 MPH)
|
| Bottom of the 1st over - 2 runs, 3 hits, 0 errors, 3 left on base; Cincinnati 1 - Pittsburgh 2 |
| TOP OF THE 2ND |
|
Cincinnati Reds batting - Pitching for Pittsburgh Pirates : RHP Jeremy Parsnip
|
|
Batting: SHB Dave Barefoot
|
0-0: Ball 1-0: Ball 2-0: SINGLE (Groundball, 56D, EV 97.5 MPH)
|
|
Batting: RHB Willie Lazcano
|
0-0: Ball 1-0: Fly out, F9 (Flyball, 9LM, EV 95.6 MPH)
|
|
Batting: LHB Andy Arbuckle
|
0-0: DOUBLE (Line Drive, 7LS, EV 92.5 MPH) Dave Barefoot to third Runner from 3rd tries for Home, throw by LF and OUT! 7-2
|
|
Batting: LHB Satoru Handa
|
0-0: Ball 1-0: Foul Ball, location: 2F 1-1: SINGLE (Line Drive, 7S, EV 92.5 MPH) Andy Arbuckle to third Runner from 3rd tries for Home, SAFE, throw by LF to home
|
|
Batting: LHB Sean Geisler
|
0-0: Swinging Strike 0-1: Foul Ball, location: 2F 0-2: Ball 1-2: Strikes out swinging
|
| Top of the 2nd over - 1 run, 3 hits, 0 errors, 1 left on base; Cincinnati 2 - Pittsburgh 2 |
| BOTTOM OF THE 2ND |
|
Pittsburgh Pirates batting - Pitching for Cincinnati Reds : LHP Jeff Baker
|
|
Batting: RHB Mike Thornton
|
0-0: Called Strike 0-1: Swinging Strike 0-2: Ball 1-2: Strikes out swinging, 2-3 out at first.
|
|
Batting: SHB Mike Jorgenson
|
0-0: DOUBLE (Line Drive, 89XD, EV 109.4 MPH)
|
|
Batting: RHB Raul Mendoza
|
0-0: Ball 1-0: Foul Ball, location: 2F 1-1: Ball 2-1: Foul Ball, location: 2F 2-2: Fly out, F7 (Line Drive, 7S, EV 108.8 MPH)
|
|
Batting: RHB Andrew Robinson
|
0-0: Foul Ball, location: 2F 0-1: Called Strike 0-2: SINGLE (Flyball, 5D, EV 84.4 MPH) Mike Jorgenson to third Runner from 3rd tries for Home, throw by LF and OUT! 7-2
|
| Bottom of the 2nd over - 0 runs, 2 hits, 0 errors, 1 left on base; Cincinnati 2 - Pittsburgh 2 |
| TOP OF THE 3RD |
|
Cincinnati Reds batting - Pitching for Pittsburgh Pirates : RHP Jeremy Parsnip
|
|
Batting: LHB Jake Bill
|
0-0: Ball 1-0: Ball 2-0: Foul Ball, location: 2F 2-1: Foul Ball, location: 2F 2-2: Ball 3-2: Strikes out swinging
|
|
Batting: LHB Jesus Lozano
|
0-0: Ball 1-0: Ball 2-0: DOUBLE (Groundball, 3L, EV 106.9 MPH)
|
|
Batting: LHB Jon Ledesma
|
0-0: Called Strike 0-1: Swinging Strike 0-2: Foul Ball, location: 2F 0-2: Ball 1-2: Ball 2-2: Foul Ball, location: 2F 2-2: Ground out 6-3 (Groundball, 6M, EV 106.2 MPH) Jesus Lozano to third
|
|
Batting: LHB Shawn Morrison
|
0-0: Called Strike 0-1: Ball 1-1: Ground out 5-3 (Groundball, 56, EV 96.2 MPH)
|
| Top of the 3rd over - 0 runs, 1 hit, 0 errors, 1 left on base; Cincinnati 2 - Pittsburgh 2 |
| BOTTOM OF THE 3RD |
|
Pittsburgh Pirates batting - Pitching for Cincinnati Reds : LHP Jeff Baker
|
|
Batting: RHB Mike Cochran
|
0-0: Ball 1-0: SINGLE (Groundball, 34D, EV 98.8 MPH)
|
|
Batting: LHB Pat Sutton
|
0-0: Ball 1-0: Foul Ball, location: 2F 1-1: Foul Ball, location: 2F 1-2: Strikes out swinging
|
|
Batting: RHB Kirk Seiffert
|
0-0: Called Strike 0-1: Called Strike 0-2: Ball 1-2: Ball 2-2: Foul Ball, location: 2F 2-2: Grounds into double play, 6-4-3 (Groundball, 6, EV 88.8 MPH)
|
| Bottom of the 3rd over - 0 runs, 1 hit, 0 errors, 0 left on base; Cincinnati 2 - Pittsburgh 2 |
| TOP OF THE 4TH |
|
Cincinnati Reds batting - Pitching for Pittsburgh Pirates : RHP Jeremy Parsnip
|
|
Batting: SHB Dave Barefoot
|
0-0: Fly out, F6 (Popup, 6, EV 80.0 MPH)
|
|
Batting: RHB Willie Lazcano
|
0-0: SINGLE (Groundball, 34D, EV 103.1 MPH)
|
|
Batting: LHB Andy Arbuckle
|
0-0: Ball Willie Lazcano steals 2nd, throwing error, E2 Willie Lazcano to third 1-0: DOUBLE (Flyball, 78D, EV 93.1 MPH) Willie Lazcano scores
|
|
Batting: LHB Satoru Handa
|
0-0: Ball Andy Arbuckle steals 3rd base 1-0: Ground out 6-3 (Groundball, 6, EV 81.9 MPH) Andy Arbuckle scores
|
|
Batting: LHB Sean Geisler
|
0-0: Ball 1-0: Ball 2-0: Called Strike 2-1: Foul Ball, location: 2F 2-2: Foul Ball, location: 2F 2-2: Ball 3-2: DOUBLE (Line Drive, 9LD, EV 111.9 MPH)
|
|
Batting: LHB Jake Bill
|
0-0: Ball Sean Geisler steals 3rd base 1-0: Fly out, F8 (Flyball, 8LD, EV 103.8 MPH)
|
| Top of the 4th over - 2 runs, 3 hits, 1 error, 1 left on base; Cincinnati 4 - Pittsburgh 2 |
| BOTTOM OF THE 4TH |
|
Pittsburgh Pirates batting - Pitching for Cincinnati Reds : LHP Jeff Baker
|
|
Batting: RHB Toshimi Shishido
|
0-0: Ball 1-0: Ball 2-0: Ball 3-0: Foul Ball, location: 2F 3-1: Called Strike 3-2: Strikes out swinging
|
|
Batting: RHB David Contreras
|
0-0: SINGLE (Groundball, 6, EV 98.1 MPH)
|
|
Batting: RHB Mike Thornton
|
0-0: Ball David Contreras is caught stealing 2nd base 2-4 1-0: Ball 2-0: Ground out 2-3 (Groundball, 2L, EV 71.2 MPH)
|
| Bottom of the 4th over - 0 runs, 1 hit, 0 errors, 0 left on base; Cincinnati 4 - Pittsburgh 2 |
| TOP OF THE 5TH |
|
Cincinnati Reds batting - Pitching for Pittsburgh Pirates : RHP Jeremy Parsnip
|
|
Pitching: LHP Sam Richardson
|
|
|
Batting: LHB Jesus Lozano
|
0-0: Ball 1-0: Ball 2-0: Foul Ball, location: 2F 2-1: Foul Ball, location: 2F 2-2: Strikes out looking
|
|
Batting: LHB Jon Ledesma
|
0-0: Ground out 4-3 (Groundball, 4, EV 90.6 MPH)
|
|
Batting: LHB Shawn Morrison
|
0-0: Swinging Strike 0-1: Fly out, F9 (Flyball, 9LM, EV 103.1 MPH)
|
| Top of the 5th over - 0 runs, 0 hits, 0 errors, 0 left on base; Cincinnati 4 - Pittsburgh 2 |
| BOTTOM OF THE 5TH |
|
Pittsburgh Pirates batting - Pitching for Cincinnati Reds : LHP Jeff Baker
|
|
Pitching: LHP David James
|
|
|
Batting: SHB Mike Jorgenson
|
0-0: Ball 1-0: Fly out, F4 (Line Drive, 4, EV 64.4 MPH)
|
|
Batting: RHB Raul Mendoza
|
0-0: Ball 1-0: Ball 2-0: SINGLE (Groundball, 6M, EV 99.4 MPH) (infield hit)
|
|
Batting: RHB Andrew Robinson
|
0-0: Fly out, F2 (Popup, 5SF, EV 70.6 MPH)
|
|
Batting: RHB Mike Cochran
|
0-0: Ground out 4-3 (Groundball, 4, EV 89.4 MPH)
|
| Bottom of the 5th over - 0 runs, 1 hit, 0 errors, 1 left on base; Cincinnati 4 - Pittsburgh 2 |
| TOP OF THE 6TH |
|
Cincinnati Reds batting - Pitching for Pittsburgh Pirates : LHP Sam Richardson
|
|
Batting: SHB Dave Barefoot
|
0-0: Ball 1-0: Called Strike 1-1: Foul Ball, location: 2F 1-2: Ball 2-2: Ground out 6-3 (Groundball, 6, EV 98.8 MPH)
|
|
Batting: RHB Willie Lazcano
|
0-0: Foul Ball, location: 2F 0-1: Called Strike 0-2: Ball 1-2: Ball 2-2: Ball 3-2: SINGLE (Flyball, 56D, EV 93.1 MPH)
|
|
Batting: LHB Andy Arbuckle
|
0-0: Called Strike 0-1: Grounds into double play, 5-4-3 (Groundball, 56, EV 81.2 MPH)
|
| Top of the 6th over - 0 runs, 1 hit, 0 errors, 0 left on base; Cincinnati 4 - Pittsburgh 2 |
| BOTTOM OF THE 6TH |
|
Pittsburgh Pirates batting - Pitching for Cincinnati Reds : LHP David James
|
|
Batting: LHB Pat Sutton
|
0-0: Ball 1-0: Ball 2-0: Called Strike 2-1: Hit by Pitch
|
|
Batting: RHB Kirk Seiffert
|
0-0: Called Strike 0-1: Fielders Choice at 2nd, 3-6 (Groundball, 3S, EV 85.6 MPH)
|
|
Batting: RHB Toshimi Shishido
|
0-0: Reached on error, E6 (Groundball, 6MD, EV 91.9 MPH) Kirk Seiffert to second
|
|
Batting: RHB David Contreras
|
0-0: Foul Ball, location: 2F 0-1: Fly out, F7 (Flyball, 7, EV 77.5 MPH)
|
|
Batting: RHB Mike Thornton
|
0-0: Ground out 1-3 (Groundball, P, EV 71.9 MPH)
|
| Bottom of the 6th over - 0 runs, 0 hits, 1 error, 2 left on base; Cincinnati 4 - Pittsburgh 2 |
| TOP OF THE 7TH |
|
Cincinnati Reds batting - Pitching for Pittsburgh Pirates : LHP Sam Richardson
|
|
Pinch Hitting: RHB Ricky Carbajal
|
0-0: Called Strike 0-1: SINGLE (Line Drive, 8RS, EV 105.6 MPH)
|
|
Pinch Hitting: SHB Saulo Maina
|
0-0: Fly out, F7 (Flyball, 7D, EV 95.6 MPH)
|
|
Batting: RHB Willie Cardamone
|
0-0: Called Strike 0-1: Ball Ricky Carbajal is caught stealing 2nd base 2-4 1-1: Called Strike 1-2: Strikes out swinging
|
| Top of the 7th over - 0 runs, 1 hit, 0 errors, 0 left on base; Cincinnati 4 - Pittsburgh 2 |
| BOTTOM OF THE 7TH |
|
Pittsburgh Pirates batting - Pitching for Cincinnati Reds : LHP David James
|
|
Now at 1B: Saulo Maina
|
|
|
Now in LF: Ricky Carbajal
|
|
|
Pinch Hitting: SHB Marvin McAleer
|
0-0: Ball 1-0: Foul Ball, location: 2F 1-1: Ground out 6-3 (Groundball, 6, EV 93.1 MPH)
|
|
Pinch Hitting: RHB Steve Jordan
|
0-0: Ball 1-0: Called Strike 1-1: Called Strike 1-2: Ball 2-2: Ball 3-2: SOLO HOME RUN (Flyball, 8RXD, EV 116.2 MPH), Distance : 461 ft
|
|
Pinch Hitting: RHB Eisse Bravenboer
|
0-0: Foul Ball, location: 2F 0-1: SOLO HOME RUN (Flyball, 9D, EV 101.2 MPH), Distance : 371 ft
|
|
Pinch Hitting: RHB Mike Bates
|
0-0: Ball 1-0: Ball 2-0: Swinging Strike 2-1: Foul Ball, location: 2F 2-2: Foul Ball, location: 2F 2-2: Strikes out swinging
|
|
Pinch Hitting: LHB Theodore Conboy
|
0-0: Ball 1-0: Ball 2-0: Swinging Strike 2-1: Fly out, F8 (Flyball, 78XD, EV 103.8 MPH)
|
| Bottom of the 7th over - 2 runs, 2 hits, 0 errors, 0 left on base; Cincinnati 4 - Pittsburgh 4 |
| TOP OF THE 8TH |
|
Cincinnati Reds batting - Pitching for Pittsburgh Pirates : LHP Sam Richardson
|
|
Now at 1B: Mike Bates
|
|
|
Now at 2B: Eisse Bravenboer
|
|
|
Now in LF: Theodore Conboy
|
|
|
Now in CF: Marvin McAleer
|
|
|
Now in RF: Steve Jordan
|
|
|
Pinch Hitting: RHB Tom Beckman
|
0-0: Ball 1-0: Called Strike 1-1: Foul Ball, location: 2F 1-2: Strikes out swinging
|
|
Pinch Hitting: LHB Randy Racine
|
0-0: Ball 1-0: Called Strike 1-1: Ball 2-1: Foul Ball, location: 2F 2-2: Strikes out looking
|
|
Batting: LHB Shawn Morrison
|
0-0: Ball 1-0: Called Strike 1-1: SINGLE (Line Drive, 89M, EV 103.8 MPH)
|
|
Pinch Hitting: RHB Casey Truax
|
0-0: SINGLE (Groundball, 56D, EV 105.6 MPH) Shawn Morrison to second
|
|
Pinch Hitting: LHB Matt Sigurdson
|
0-0: Called Strike 0-1: Foul Ball, location: 2F 0-2: Ball 1-2: Strikes out swinging
|
| Top of the 8th over - 0 runs, 2 hits, 0 errors, 2 left on base; Cincinnati 4 - Pittsburgh 4 |
| BOTTOM OF THE 8TH |
|
Pittsburgh Pirates batting - Pitching for Cincinnati Reds : LHP David James
|
|
Pitching: RHP Tim Beck
|
|
|
Now at 2B: Tom Beckman
|
|
|
Now at 3B: Matt Sigurdson
|
|
|
Now at SS: Casey Truax
|
|
|
Now in RF: Randy Racine
|
|
|
Pinch Hitting: RHB Tommie Eaton
|
0-0: Ball 1-0: Ball 2-0: Ball 3-0: Called Strike 3-1: Base on Balls
|
|
Pinch Hitting: RHB Lupe Covarrubias
|
0-0: Sac Bunt to 2R - play at first, batter OUT! 2-4 Tommie Eaton to second
|
|
Pinch Hitting: RHB Pedro Nin
|
0-0: Ball 1-0: Ground out 5-3 (Groundball, 5, EV 81.9 MPH)
|
|
Batting: RHB Vincent Poopwell
|
0-0: Fly out, F7 (Line Drive, 7, EV 94.4 MPH)
|
| Bottom of the 8th over - 0 runs, 0 hits, 0 errors, 1 left on base; Cincinnati 4 - Pittsburgh 4 |
| TOP OF THE 9TH |
|
Cincinnati Reds batting - Pitching for Pittsburgh Pirates : LHP Sam Richardson
|
|
Pitching: LHP Jason Salzer
|
|
|
Now at C: Lupe Covarrubias
|
|
|
Now at 3B: Tommie Eaton
|
|
|
Now at SS: Pedro Nin
|
|
|
Pinch Hitting: RHB Omar Quintana
|
0-0: Ball 1-0: Reached on error, E5 (Groundball, 56, EV 86.2 MPH)
|
|
Batting: RHB Ricky Carbajal
|
0-0: Called Strike 0-1: Fly out, F8 (Line Drive, 8RD, EV 91.9 MPH) Runner from 2nd tags up, SAFE at 3rd with throw by CF
|
|
Batting: SHB Saulo Maina
|
0-0: Called Strike 0-1: Called Strike 0-2: Ball 1-2: Strikes out swinging
|
|
Batting: RHB Willie Cardamone
|
0-0: Intentional Walk
|
|
Batting: RHB Tom Beckman
|
0-0: Ball 1-0: Called Strike 1-1: Ball 2-1: Foul Ball, location: 2F 2-2: Foul Ball, location: 2F 2-2: Ball 3-2: Foul Ball, location: 2F 3-2: Ground out 5-3 (Groundball, 5, EV 77.5 MPH)
|
| Top of the 9th over - 0 runs, 0 hits, 1 error, 2 left on base; Cincinnati 4 - Pittsburgh 4 |
| BOTTOM OF THE 9TH |
|
Pittsburgh Pirates batting - Pitching for Cincinnati Reds : RHP Tim Beck
|
|
Now at C: Omar Quintana
|
|
|
Batting: SHB Marvin McAleer
|
0-0: Ball 1-0: Swinging Strike 1-1: Fly out, F7 (Line Drive, 7, EV 108.1 MPH)
|
|
Batting: RHB Steve Jordan
|
0-0: Ball 1-0: Fly out, F4 (Popup, 3S, EV 70.6 MPH)
|
|
Batting: RHB Eisse Bravenboer
|
0-0: Ball 1-0: Ball 2-0: Ball 3-0: Called Strike 3-1: Called Strike 3-2: Base on Balls
|
|
Batting: RHB Mike Bates
|
0-0: Called Strike Eisse Bravenboer steals 2nd base 0-1: Foul Ball, location: 2F 0-2: Foul Ball, location: 2F 0-2: Foul Ball, location: 2F 0-2: Foul Ball, location: 2F 0-2: Ball 1-2: Foul Ball, location: 2F 1-2: Ball 2-2: Ball 3-2: Reached on error, E6 (Groundball, 6, EV 106.9 MPH) Eisse Bravenboer to third
|
|
Batting: LHB Theodore Conboy
|
0-0: Ball 1-0: Swinging Strike 1-1: Called Strike 1-2: Foul Ball, location: 2F 1-2: Strikes out swinging
|
| Bottom of the 9th over - 0 runs, 0 hits, 1 error, 2 left on base; Cincinnati 4 - Pittsburgh 4 |
| TOP OF THE 10TH |
|
Cincinnati Reds batting - Pitching for Pittsburgh Pirates : LHP Jason Salzer
|
|
Pitching: LHP Jimmy Vanthournoutingtonle
|
|
|
Pinch Hitting: RHB Bobby Muniz
|
0-0: Called Strike 0-1: Foul Ball, location: 2F 0-2: Ball 1-2: Strikes out swinging
|
|
Batting: LHB Shawn Morrison
|
0-0: Ball 1-0: Foul Ball, location: 2F 1-1: Ball 2-1: Called Strike 2-2: Ball 3-2: Strikes out swinging
|
|
Batting: RHB Casey Truax
|
0-0: Ball 1-0: Ball 2-0: Foul Ball, location: 2F 2-1: Ground out 4-3 (Groundball, 4S, EV 80.6 MPH)
|
| Top of the 10th over - 0 runs, 0 hits, 0 errors, 0 left on base; Cincinnati 4 - Pittsburgh 4 |
| BOTTOM OF THE 10TH |
|
Pittsburgh Pirates batting - Pitching for Cincinnati Reds : RHP Tim Beck
|
|
Pitching: RHP Juan Barroso
|
|
|
Now in LF: Fred Slade
|
|
|
Now in RF: Ricky Carbajal
|
|
|
Batting: RHB Tommie Eaton
|
0-0: Swinging Strike 0-1: Swinging Strike 0-2: Ball 1-2: Ball 2-2: Strikes out swinging
|
|
Batting: RHB Lupe Covarrubias
|
0-0: DOUBLE (Line Drive, 78M, EV 95.0 MPH)
|
|
Batting: RHB Pedro Nin
|
0-0: Ball 1-0: Ball 2-0: Ball 3-0: Base on Balls
|
|
Batting: RHB Vincent Poopwell
|
0-0: Ball 1-0: Ball Wild Pitch! Lupe Covarrubias to third Pedro Nin to second 2-0: Called Strike 2-1: Called Strike 2-2: Foul Ball, location: 2F 2-2: Ball 3-2: Fly out, F7 (Flyball, 7D, EV 105.0 MPH) Runner from 3rd tags up, SCORES, throw by LF
|
| Bottom of the 10th over - 1 run, 1 hit, 0 errors, 0 left on base; Cincinnati 4 - Pittsburgh 5 |
| |
|
Game Over ... Pittsburgh defeats Cincinnati, 5 to 4
|
|
|